 Dungeon Crawl Stone Soup version 0.19-a0-1827-g174f941 (webtiles) character file.

2336 JeffiDaFish the Covert (level 9, -4/65 HPs)
             Began as a Vampire Enchanter on Oct 7, 2016.
             Was an Initiate of Kikubaaqudgha.
             Slain by an orc warrior
             ... wielding a +0 glaive
              (6 damage)
             ... on level 7 of the Dungeon.
             The game lasted 00:39:25 (7426 turns).

JeffiDaFish the Covert (Vampire Enchanter)          Turns: 7426, Time: 00:39:39

Health: -4/65      AC:  4    Str: 10    XL:     9   Next: 19%
Magic:  1/16       EV: 16    Int: 17    God:    Kikubaaqudgha [......]
Gold:   333        SH:  0    Dex: 22    Spells: 6 memorised, 0 levels left

rFire  . . .     SeeInvis +     a - +1 dagger
rCold  . . .     Gourm    .     b - +2 robe
rNeg   + . .     Faith    .     (no shield)
rPois  .         Spirit   .     (no helmet)
rElec  .         Dismiss  .     (no cloak)
rCorr  .         Reflect  .     (no gloves)
MR     .....     Harm     .     (no boots)
Stlth  ++++++....               (no amulet)
                                i - +5 ring of dexterity
                                h - ring of stealth

@: no status effects
A: fangs 3, thin skeletal structure 1, see invisible, unbreathing
a: Bat Form, Renounce Religion


You were on level 7 of the Dungeon.
You worshipped Kikubaaqudgha.
Kikubaaqudgha was noncommittal.
You were not thirsty.

You visited 2 branches of the dungeon, and saw 8 of its levels.

You collected 333 gold pieces.

Inventory:

Hand Weapons
 a - a +1 dagger (weapon)
Armour
 b - a +2 robe (worn)
Jewellery
 h - a ring of stealth (left hand)
 i - a +5 ring of dexterity (right hand)
Scrolls
 f - 5 scrolls of identify
 g - a scroll of blinking
 m - a scroll of teleportation
 p - a scroll of enchant armour
 q - a scroll of remove curse
 r - a scroll of fear
Potions
 d - 5 potions of blood
 e - 2 potions of curing
 j - 2 potions of might
 k - 2 potions of agility
 o - a potion of lignification
Books
 c - a book of Maledictions

   Spells                             Type                      Level
   a - Corona                         Hexes                        1
   b - Ensorcelled Hibernation        Hexes/Ice                    2
   c - Confuse                        Hexes                        3
   d - Tukima's Dance                 Hexes                        3
   e - Dazzling Spray                 Conjuration/Hexes            3
 l - a book of Callings

   Spells                             Type                      Level
   a - Summon Small Mammal            Summoning                    1
   b - Call Imp                       Summoning                    2
   c - Call Canine Familiar           Summoning                    3
   d - Summon Guardian Golem          Hexes/Summoning              3
   e - Summon Lightning Spire         Summoning/Air                4
   f - Summon Ice Beast               Ice/Summoning                4
 n - a book of Unlife

   Spells                             Type                      Level
   a - Recall                         Summoning/Translocation      3
   b - Animate Dead                   Necromancy                   4
   c - Control Undead                 Necromancy                   4
   d - Cigotuvi's Embrace             Necromancy                   5
   e - Death Channel                  Necromancy                   6
   f - Simulacrum                     Ice/Necromancy               6
 s - a book of Cantrips

   Spells                             Type                      Level
   a - Confusing Touch                Hexes                        1
   b - Animate Skeleton               Necromancy                   1
   c - Summon Small Mammal            Summoning                    1
   d - Apportation                    Translocation                1


   Skills:
 * Level 4.3 Fighting
 + Level 4.2 Short Blades
 + Level 4.6 Dodging
 + Level 8.1 Stealth
 * Level 4.8 Spellcasting
 + Level 6.8 Hexes
   Level 3.5 Summonings
 * Level 3.8 Necromancy
 + Level 3.1 Ice Magic


You couldn't memorise any spells.
You knew the following spells:

 Your Spells              Type           Power        Failure   Level  Hunger
a - Corona                Hex            ####...      1%          1    None
b - Ensorcelled Hibernat  Hex/Ice        ###...       2%          2    #......
c - Confuse               Hex            ####....     2%          3    ###....
d - Animate Skeleton      Necr           N/A          2%          1    None
e - Animate Dead          Necr           N/A          30%         4    ####...
f - Death Channel         Necr           ###.......   100%        6    #######


Dungeon Overview and Level Annotations

Branches:
Dungeon (7/15)             Temple (1/1) D:6

Altars:
Ashenzari
Cheibriados
Dithmenos
Elyvilon
Gozag
Hepliaklqana
Kikubaaqudgha
Makhleb
Nemelex Xobeh
Okawaru
Qazlal
Ru
Sif Muna
Trog
Uskayaw
Vehumet
Xom
Yredelemnul
Zin
The Shining One

Shops:
D:4 (   D:5 *


Innate Abilities, Weirdness & Mutations

You have razor-sharp teeth.
You have supernaturally acute eyesight. (SInv)
You can survive without breathing.
You have a somewhat thin skeletal structure. (Dex +2, Stealth)


Message History

Aiming: Ensorcelled Hibernation
Press: ? - help, Shift-Dir - straight line, f - orc warrior
Aim: an orc warrior, wielding a glaive and wearing a chain mail (not susceptible)
The orc warrior is unaffected.
The orc warrior closely misses you.
Casting: Ensorcelled Hibernation
Confirm with . or Enter, or press ? or * to list all spells.
Aiming: Confuse
Press: ? - help, Shift-Dir - straight line, f/p - orc warrior
Aim: an orc warrior, wielding a glaive and wearing a chain mail (chance to defeat MR: 56%)
The orc warrior resists with significant effort.
The orc warrior hits you with a glaive!!
* * * LOW HITPOINT WARNING * * *
A giant cockroach comes into view.
You swap places.
Your hippogriff skeleton bites the orc warrior.
Your hippogriff skeleton pecks the orc warrior.
Your hippogriff skeleton claws the orc warrior but does no damage.
The orc warrior hits you from afar with a glaive.
You die...
Kikubaaqudgha rasps: "You have failed me!
Welcome... oblivion!"

+........## #.# #####
#.........# ##.####<...
#...#####.#
####........## #..##
#....$##.......... ....#
#.###.##.......... ####.#
##...#.##..........
#..####....#.##..........
#......._.)).............
.l #.#..@.####.........##
#..Z## ##........# ###o#
#.......)# ..# #........#
##s# #........# ...
##.####### ... #.# ...
#.# ..... ..#


You could see an orc warrior, a giant cockroach and a friendly hippogriff
skeleton.

Vanquished Creatures
  A hippogriff (D:7)
  Edmund (D:5)
  Menkaure (D:4)
  2 orc warriors
  A necrophage (D:5)
  A black bear (D:6)
  An ice beast (D:5)
  A phantom (D:5)
  3 ogres
  A centaur (D:5)
  2 bullfrogs
  A howler monkey (D:5)
  A crimson imp (D:7)
  A bullfrog zombie (D:6)
  2 hounds
  A bullfrog skeleton (D:4)
  2 orc priests (D:7)
  3 orc wizards
  3 centaur skeletons (D:5)
  4 worker ants
  A hound zombie (D:5)
  A hound skeleton (D:5)
  3 gnolls (D:6)
  9 adders
  2 shadow imps
  An ooze (D:1)
  3 adder skeletons
  A worm (D:3)
  7 dart slugs
  2 leopard geckos
  14 orcs
  2 giant cockroaches
  4 goblins
  2 hobgoblins (D:3)
  7 jackals
  5 quokkas
  2 ball pythons
  7 bats
  8 frilled lizards
  7 kobolds
  A quokka skeleton (D:4)
  6 rats
128 creatures vanquished.

Vanquished Creatures (collateral kills)
  A hippogriff (D:7)
  A crimson imp (D:7)
  A shadow imp (D:7)
3 creatures vanquished.

Grand Total: 131 creatures vanquished

Notes
Turn   | Place    | Note
-------+----------+-------------------------------------------
     0 | D:1      | JeffiDaFish the Vampire Enchanter began the quest for the Orb.
     0 | D:1      | Reached XP level 1. HP: 13/13 MP: 3/3
   583 | D:1      | Gained mutation: You are occasionally teleported next to monsters. [potion of mutation]
   583 | D:1      | Gained mutation: You have a somewhat thin skeletal structure. (Dex +2, Stealth) [potion of mutation]
   583 | D:1      | Gained mutation: You have sharp fingernails. [potion of mutation]
   605 | D:1      | Reached XP level 2. HP: 19/19 MP: 5/5
   611 | D:1      | Reached skill level 5 in Stealth
   817 | D:1      | Gained mutation: Armour fits poorly on your strangely shaped body. [potion of mutation]
   817 | D:1      | Gained mutation: You have a pair of small antennae on your head. [potion of mutation]
   817 | D:1      | Lost mutation: You have sharp fingernails. [potion of mutation]
   945 | D:1      | Reached XP level 3. HP: 20/24 MP: 6/6
  1514 | D:2      | Learned a level 2 spell: Ensorcelled Hibernation
  1518 | D:2      | Learned a level 3 spell: Confuse
  1764 | D:3      | Reached XP level 4. HP: 30/30 MP: 7/7
  1867 | D:3      | Learned a level 1 spell: Summon Small Mammal
  1928 | D:3      | Found a sparkling altar of Nemelex Xobeh.
  2021 | D:3      | Reached skill level 1 in Fighting
  2272 | D:3      | Lost mutation: Armour fits poorly on your strangely shaped body. [potion of cure mutation]
  2272 | D:3      | Lost mutation: You are occasionally teleported next to monsters. [potion of cure mutation]
  2272 | D:3      | Lost mutation: You have a pair of small antennae on your head. [potion of cure mutation]
  2299 | D:3      | Found an iron altar of Okawaru.
  2505 | D:4      | Reached skill level 1 in Ice Magic
  2505 | D:4      | Reached XP level 5. HP: 37/37 MP: 8/8
  2514 | D:4      | Found Ajaa's Weapon Boutique.
  2610 | D:4      | Reached skill level 5 in Hexes
  2659 | D:4      | Noticed Menkaure
  2669 | D:4      | Killed Menkaure
  2669 | D:4      | Reached skill level 6 in Stealth
  2669 | D:4      | Reached XP level 6. HP: 44/44 MP: 2/10
  2909 | D:4      | Found a sacrificial altar of Ru.
  3348 | D:5      | Entered Level 5 of the Dungeon
  3426 | D:5      | Reached skill level 1 in Summonings
  3432 | D:5      | Noticed Edmund
  3447 | D:5      | Killed Edmund
  3447 | D:5      | Reached XP level 7. HP: 34/51 MP: 4/11
  3551 | D:5      | Learned a level 4 spell: Animate Dead
  3752 | D:5      | Reached skill level 7 in Stealth
  3752 | D:5      | Reached skill level 1 in Necromancy
  4287 | D:5      | Found Halidifi's General Store.
  4322 | D:5      | Reached XP level 8. HP: 43/58 MP: 13/13
  5152 | D:5      | Found a burning altar of Makhleb.
  5152 | D:5      | Found a deep blue altar of Sif Muna.
  5416 | D:6      | Found a staircase to the Ecumenical Temple.
  5427 | Temple   | Entered the Ecumenical Temple
  5482 | Temple   | Became a worshipper of Kikubaaqudgha
  5504 | D:6      | Found a white marble altar of Elyvilon.
  6193 | D:7      | Noticed a hippogriff
  6196 | D:7      | Killed a hippogriff
  6346 | D:7      | Found a burning altar of Makhleb.
  6467 | D:7      | Reached XP level 9. HP: 22/65 MP: 15/15
  6474 | D:7      | HP: 2/65 [orc priest/divine providence (16)]
  6989 | D:7      | Reached skill level 8 in Stealth
  7094 | D:7      | Learned a level 1 spell: Animate Skeleton
  7101 | D:7      | Learned a level 6 spell: Death Channel
  7390 | D:7      | Found a hazy altar of Hepliaklqana.
  7425 | D:7      | HP: 1/65 [orc warrior/glaive (21)]
  7426 | D:7      | Slain by an orc warrior

Vault maps used:
D:1:      minmay_arrival_split_and_join, minmay_heptomino_d4
D:2:      first_bread
D:3:      okawaru_metal_pillars_1_2, nemelex_xobeh_ov_fountains_minmay
D:4:      nicolae_ru_awakened_eye, kennysheep_small_square, uniq_menkaure
D:5:      gammafunk_temple_overflow_elements, serial_shops,
          kennysheep_mini_moat, uniq_edmund
D:6:      overflow_temple_1_default
D:7:      nicolae_overflow_crystal_walls, lemuel_doored_altar, serial_shops,
          kennysheep_little_box, grunt_ogre_cave, bloody_makhleb
Temple:   dshaligram_water_room_temple

Skill      XL: |  1  2  3  4  5  6  7  8  9 |
---------------+----------------------------+-----
Stealth        | 5 6 7 8 |  8.1
Short Blades   | 2 3 4 |  4.2
Dodging        | 3 4 |  4.6
Fighting       | 1 2 3 4 |  4.3
Ice Magic      | 1 2 3 |  3.1
Hexes          | 5 6 |  6.8
Summonings     | 1 2 3 |  3.5
Spellcasting   | 3 4 |  4.8
Necromancy     | 1 3 |  3.8

Action                   |  1- 3 |  4- 6 |  7- 9 || total
-------------------------+-------+-------+-------++-------
Melee: Dagger            |   118 |   131 |   298 ||   547
       Bite              |    11 |    17 |    44 ||    72
 Cast: Ensorcelled Hiber |     3 |     5 |    16 ||    24
       Summon Small Mamm |       |     1 |     1 ||     2
       Confuse           |       |     4 |    26 ||    30
       Animate Dead      |       |       |     4 ||     4
       Animate Skeleton  |       |       |     4 ||     4
 Abil: End Transformatio |       |       |     1 ||     1
       Bat Form          |       |       |     1 ||     1
  Use: Potion            |    10 |     9 |    17 ||    36
       Scroll            |     8 |     3 |     4 ||    15
 Stab: Sleeping          |    13 |    23 |    23 ||    59
       Confused          |       |     2 |     7 ||     9
       Distracted        |       |     1 |     1 ||     2
Armor: Robe              |    26 |    17 |    37 ||    80
       Skin              |       |       |     1 ||     1
Dodge: Dodged            |    87 |    79 |   130 ||   296
